 Dungeon Crawl Stone Soup version 0.29.1-12-g30fa7ad0bf (webtiles) character file.

Game seed: 2285516199603083697

809 croobank the Firebug (level 7, 0/56 HPs)
             Began as a Demigod Fire Elementalist on Dec 22, 2022.
             Slain by a yak (13 damage)
             ... on level 5 of the Dungeon.
             The game lasted 00:15:54 (6933 turns).

croobank the Firebug (Demigod Fire Elementalist)    Turns: 6933, Time: 00:15:55

Health: 0/56       AC:  5    Str:  9    XL:     7   Next: 34%
Magic:  13/15      EV: 12    Int: 25    God:
Gold:   192        SH:  0    Dex: 14    Spells: 6/12 levels left

rFire   . . .      SeeInvis .   a - +0 dagger
rCold   . . .      Faith    .   (no shield)
rNeg    + . .      Spirit   .   t - +1 leather armour of Cheibriados, Jumping {+Inv}
rPois   .          Reflect  .   (helmet currently unavailable)
rElec   .          Harm     .   m - +0 cloak
rCorr   .          Rampage  .   (no gloves)
Will    .....                   (boots currently unavailable)
Stlth   ++........              (no amulet)
HPRegen 0.18/turn               r - ring of positive energy
MPRegen 0.14/turn               (no ring)

@: about to teleport, appendages (expiring), wereblooded
A: horns 2, talons 2, high MP 1, forlorn, divine attributes
a: End Transformation, Evoke Invisibility


You were on level 5 of the Dungeon.
You had temporarily grown beastly horns and talons.
You visited 1 branch of the dungeon, and saw 6 of its levels.

You collected 192 gold pieces.

Inventory:

Hand Weapons
 a - a +0 dagger (weapon)
 b - a +0 sling
 g - a +0 war axe
 w - a +2 whip of holy wrath
Missiles
 c - 2 curare-tipped darts
 u - 7 poisoned darts (quivered)
Armour
 d - a +0 robe
 m - a +0 cloak (worn)
 t - the +1 leather armour of Cheibriados, Jumping (worn) {+Inv}
   (You took it off a gnoll on level 2 of the Dungeon)

   +Inv:      It lets you turn invisible.
Jewellery
 r - a ring of positive energy (left hand)
Wands
 s - a wand of acid (9)
Scrolls
 e - a scroll of immolation
 i - a scroll of identify
 l - a scroll of enchant weapon {unknown}
 x - a scroll of poison {unknown}
Potions
 f - a potion of degeneration {unknown}
 j - a potion of flight {unknown}
 k - a potion of cancellation
 n - a potion of mutation
 o - a potion of brilliance
 p - a potion of resistance {unknown}
 q - a potion of invisibility {unknown}
 v - a potion of ambrosia {unknown}


   Skills:
 + Level 2.7 Fighting
 + Level 1.4 Armour
 + Level 3.4 Dodging
 + Level 3.6 Stealth
 + Level 3.2 Spellcasting
 + Level 2.9 Conjurations
 + Level 1.3 Transmutations
 + Level 4.0 Fire Magic


You had 6 spell levels left.
You knew the following spells:

 Your Spells              Type           Power      Damage    Failure   Level
a - Foxfire               Conj/Fire      84%        2x1d8     3%          1
b - Scorch                Fire           48%        2d7       3%          2
c - Beastly Appendage     Tmut           20%        N/A       8%          1
d - Wereblood             Tmut           10%        N/A       12%         2

Your spell library contained the following spells:

 Spells                   Type           Power      Damage    Failure   Level
 Conjure Flame            Conj/Fire      21%        6-21      10%         3
 Inner Flame              Hex/Fire       14%        N/A       19%         3
 Ensorcelled Hibernation  Hex/Ice        8%         N/A       21%         2
 Spider Form              Tmut/Pois      7%         N/A       30%         3
 Flame Wave               Conj/Fire      21%        2d8       32%         4
 Confusing Touch          Hex            4%         N/A       38%         3
 Anguish                  Hex/Necr       2%         N/A       80%         4
 Yara's Violent Unravell  Hex/Tmut       3%         3d4       96%         5
 Enfeeble                 Hex            2%         N/A       100%        7


Dungeon Overview and Level Annotations

Branches:
Dungeon (6/15)             Temple (0/1) D:5

Shops:
D:3 [


Innate Abilities, Weirdness & Mutations

You have temporarily grown beastly horns and talons.
You have an increased reservoir of magic. (+10% MP)
You shall have no god before yourself.
Your divine heritage dramatically boosts your attributes as you level up.


Message History

The yak attacks as you move away! The yak gores you.
The yak attacks as you move away! The yak closely misses you.
The yak attacks as you move away! The yak gores you.
The yak attacks as you move away! The yak barely misses you.
The yak gores you but does no damage.
Casting: Scorch (safe; 3% risk of failure)
Confirm with . or Enter, or press ? or * to list all spells.
You conjure some foxfire!
Casting: Foxfire (safe; 3% risk of failure)
Confirm with . or Enter, or press ? or * to list all spells.
You grow a pair of large bovine horns.
Your feet morph into talons.
The foxfire hits the yak!
The yak is lightly wounded.
The foxfire hits the yak but does no damage.
The yak is lightly wounded.
Casting: Beastly Appendage (safe; 8% risk of failure)
Confirm with . or Enter, or press ? or * to list all spells.
Your blood is infused with primal strength.
The yak closely misses you.
You barely miss the yak. Your kick misses the yak.
The yak is lightly wounded.
You hit the yak but do no damage. You claw the yak.
You headbutt the yak, but do no damage.
The yak is lightly wounded.
The yak barely misses you. x2
The yak attacks as you move away! The yak gores you. The yak gores you!
The yak attacks as you move away! The yak closely misses you.
The yak attacks as you move away! The yak gores you.
The yak closely misses you. The yak attacks as you move away!
The yak gores you.
Your transformation is almost over.
The yak attacks as you move away! The yak gores you.
The yak attacks as you move away! The yak gores you!
* * * LOW HITPOINT WARNING * * *
The yak attacks as you move away! The yak gores you.
* * * LOW HITPOINT WARNING * * *
As you read the scroll of teleportation, it crumbles to dust.
You feel strangely unstable. The yak attacks as you move away!
The yak gores you!
You die...

#.'.._..+..#..#....#
#.#.....#<...##....####
##.#.###.#...###.....#.. #..#..
.#..## #....#... ##.#+###+####
##...#... ##.......#..# ###......
#........Y.Y###....#####
####...##.YY#.........# #
#.......#.@#####Y.##..#
#####..###...#..## ##.#### ###
##..##.######.##...##.Y.######.#
#........# ......#............
####...#..# ##..............##.#.
.#....<##.###...##...........#.#.
....#..##...#...#..##.......##.Y.
#...#..###........###.......##.#.
.....>.##..........##.......#..#.


You could see 3 yaks.

Vanquished Creatures
  A yak (D:5)
  Duvessa (D:4)
  An ice beast (D:5)
  A scorpion (D:5)
  Dowan (D:3)
  A howler monkey (D:5)
  2 orc priests
  A gnoll bouda (D:5)
  An iguana (D:4)
  7 gnolls
  3 adders
  A white imp (D:5)
  2 ufetubi
  3 worms
  3 dart slugs
  14 orcs
  4 bats
  4 endoplasms
  2 giant cockroaches
  7 goblins
  3 hobgoblins
  10 jackals
  3 kobolds
  5 quokkas
  2 training dummies (D:4)
  5 ball pythons
  A frilled lizard (D:2)
  4 rats
93 creatures vanquished.

Vanquished Creatures (collateral kills)
  A foxfire (D:1)
1 creature vanquished.

Vanquished Creatures (others)
  180 foxfires
180 creatures vanquished.

Grand Total: 274 creatures vanquished

Notes
Turn   | Place    | Note
-------+----------+-------------------------------------------
     0 | D:1      | croobank the Demigod Fire Elementalist began the quest for
                  | the Orb.
     0 | D:1      | Reached XP level 1. HP: 14/14 MP: 5/5
   199 | D:1      | Reached skill level 1 in Conjurations
   342 | D:1      | Reached XP level 2. HP: 20/20 MP: 1/7
   345 | D:1      | Learned a level 2 spell: Scorch
  1044 | D:2      | Reached XP level 3. HP: 26/27 MP: 5/8
  1191 | D:2      | Reached skill level 3 in Fire Magic
  1199 | D:2      | Reached skill level 1 in Fighting
  1976 | D:3      | Found Femnurch's Antique Armour Boutique.
  2549 | D:3      | Reached XP level 4. HP: 35/35 MP: 7/10
  2865 | D:3      | Identified the +1 leather armour of Cheibriados, Jumping
                  | {+Inv}
  3764 | D:4      | Noticed Duvessa
  4059 | D:4      | Killed Duvessa
  4059 | D:4      | Noticed Dowan
  4060 | D:4      | Reached XP level 5. HP: 38/41 MP: 2/11
  4073 | D:3      | Killed Dowan
  4742 | D:4      | Reached XP level 6. HP: 47/48 MP: 7/13
  5374 | D:5      | Entered Level 5 of the Dungeon
  5610 | D:5      | Found a staircase to the Ecumenical Temple.
  5643 | D:5      | HP: 1/43 [gnoll/+0 club[a gnoll bouda] (4)]
  5940 | D:5      | Reached skill level 1 in Armour
  6306 | D:5      | Noticed a yak
  6325 | D:5      | Reached skill level 1 in Transmutations
  6325 | D:5      | Reached XP level 7. HP: 45/56 MP: 3/14
  6652 | D:6      | Learned a level 1 spell: Beastly Appendage
  6655 | D:6      | Learned a level 2 spell: Wereblood
  6678 | D:5      | Killed a yak
  6679 | D:5      | Reached skill level 4 in Fire Magic
  6900 | D:5      | Noticed a yak
  6901 | D:5      | Noticed a yak
  6902 | D:5      | Noticed a yak
  6904 | D:5      | Noticed a yak
  6933 | D:5      | Slain by a yak

Illustrated notes

Levels and vault maps discovered:
D:1:      dpeg_arrival_chambers_temple_mockup, layout_rooms,
          shapermc_ecumenical_altar_notcrosses, serial_bayou_pond_a
D:2:      layout_basic, lightli_corner_chamber
D:3:      layout_loops_ring, serial_shops, shop, minmay_misc_feat_square
D:4:      dreamdust_elfheim, layout_basic
D:5:      layout_cave_pools, mainiacjoe_overflow_six_doors_small,
          minmay_temple_entry_slanted, minmay_misc_feat_iff
D:6:      layout_loops_corners, kiku_gazebo_pond_becter,
          lemuel_coloured_pillars_altar, mainiacjoe_overflow_alcove_4

Skill      XL: |  1  2  3  4  5  6  7 |
---------------+----------------------+-----
Conjurations   | 1 2 |  2.9
Stealth        | 2 3 |  3.6
Dodging        | 2 3 |  3.4
Spellcasting   | 2 3 |  3.2
Fire Magic     | 3 4 |  4.0
Fighting       | 1 2 |  2.7
Armour         | 1 |  1.4
Transmutations | 1 |  1.3

Action                   |  1- 3 |  4- 6 |  7- 9 || total
-------------------------+-------+-------+-------++-------
Melee: Unarmed           |     1 |       |       ||     1
       Dagger            |    32 |    64 |     7 ||   103
       Punch             |       |     2 |       ||     2
       Kick              |       |       |     4 ||     4
       Headbutt          |       |       |     3 ||     3
 Fire: Sling             |    12 |       |       ||    12
Throw: Throwing net      |       |     1 |       ||     1
 Cast: Foxfire           |    63 |    57 |     1 ||   121
       Scorch            |    15 |    54 |     3 ||    72
       Beastly Appendage |       |       |     2 ||     2
       Wereblood         |       |       |     2 ||     2
  Use: Scroll            |       |    14 |     1 ||    15
       Potion            |       |     7 |       ||     7
 Stab: Sleeping          |     3 |     1 |       ||     4
Armor: Robe              |     9 |     4 |       ||    13
       Leather armour    |       |    42 |     2 ||    44
Dodge: Dodged            |    42 |   130 |    12 ||   184
